 Dungeon Crawl Stone Soup version 0.19-a0-998-gfd37873 (webtiles) character file.

761 Implojin the Grappler (level 7, -1/66 HPs)
             Began as a Troll Fighter on July 17, 2016.
             Was a Follower of Makhleb.
             Slain by an orc warrior
             ... wielding a +0 glaive
              (23 damage)
             ... on level 6 of the Dungeon.
             The game lasted 00:04:52 (829 turns).

Implojin the Grappler (Troll Fighter)                Turns: 829, Time: 00:04:53

Health: -1/66      AC:  5    Str: 25    XL:     7   Next: 51%
Magic:  6/6        EV:  8    Int:  4    God:    Makhleb [*.....]
Gold:   42         SH:  9    Dex: 11    Spells: 0 memorised, 6 levels left

rFire  . . .     SeeInvis .       - Unarmed
rCold  . . .     Gourm    +     a - +0 robe
rNeg   . . .     Faith    .     b - +0 shield
rPois  .         Spirit   .     (helmet restricted)
rElec  .         Dismiss  .     (no cloak)
rCorr  .         Reflect  .     (gloves unavailable)
SustAt .         Harm     .     (boots unavailable)
MR     .....                    (no amulet)
Stlth  +.........               (no ring)
                                (no ring)

@: not resistant to hostile enchantments, very unstealthy
A: unfitting armour, claws 3, fast metabolism 3, gourmand, regeneration 2,
shaggy fur 1, tough skin 2
a: Renounce Religion


You were on level 6 of the Dungeon.
You worshipped Makhleb.
Makhleb was aware of your devotion.
You were very full.

You visited 2 branches of the dungeon, and saw 7 of its levels.

You collected 42 gold pieces.

Inventory:

Armour
 a - a +0 robe (worn)
 b - a +0 shield (worn)
Scrolls
 c - a scroll of blinking {unknown}
 g - 2 scrolls of enchant armour {unknown}
 h - a scroll of amnesia {unknown}
 k - 3 scrolls of identify {unknown}
 m - 2 scrolls of recharging {unknown}
 n - a scroll of remove curse {unknown}
 o - a scroll of immolation {unknown}
Potions
 e - a potion of flight {unknown}
 i - 2 potions of curing {unknown}
 j - a potion of brilliance {unknown}
 p - a potion of berserk rage {unknown}
Comestibles
 d - 4 bread rations
 f - 3 meat rations


   Skills:
 - Level 2.4 Fighting
 - Level 2.4 Dodging
 - Level 2.4 Shields
 * Level 8.6 Unarmed Combat


You had 6 spell levels left.
You didn't know any spells.

Dungeon Overview and Level Annotations

Branches:
Dungeon (6/15)             Temple (1/1) D:4

Altars:
Ashenzari
Elyvilon
Gozag
Hepliaklqana
Kikubaaqudgha
Makhleb
Sif Muna
Trog
Uskayaw
Vehumet


Innate Abilities, Weirdness & Mutations

You are too large for most types of armour.
You have claws for hands.
Your metabolism is lightning-fast.
You like to eat raw meat.
You heal very quickly.
You are covered in fur. (AC +1)
You have very tough skin. (AC +2)


Message History

The orc warrior shouts!
An orc comes into view. It is wielding a hand axe.
An orc comes into view. It is wielding a whip.
The orc shouts!
You closely miss the orc.
The orc warrior hits you from afar with a glaive!!
The orc barely misses you.
You barely miss the orc.
The orc warrior hits you from afar with a glaive.
* * * LOW HITPOINT WARNING * * *
A worker ant comes into view.
The orc hits you with a whip.
* * * LOW HITPOINT WARNING * * *
You mangle the orc!!
You kill the orc!
Makhleb accepts your kill.
You mangle the orc!!
You kill the orc!
Makhleb accepts your kill.
You closely miss the worker ant. You block the worker ant's attack. x2
You closely miss the worker ant. You block the orc warrior's attack.
The worker ant closely misses you.
You claw the worker ant!
You kill the worker ant!
Makhleb accepts your kill.
You can now gain health from killing.
The orc warrior hits you from afar with a glaive!
* * * LOW HITPOINT WARNING * * *
Unknown command.
You block the orc warrior's attack.
You claw the orc warrior!
The orc warrior is heavily wounded.
The orc warrior hits you with a glaive!
* * * LOW HITPOINT WARNING * * *
Unknown command.
You barely miss the orc warrior.
The orc warrior is heavily wounded.
You closely miss the orc warrior.
The orc warrior is heavily wounded.
The orc warrior hits you with a glaive!!
You die...

##########
#.<......#
###.######.#
#...o...##.# #
#.#)###.##.# .##
#.#)###o##.#...##
# #.....@.......#
#####.####......
#... ...### #####
o## .# #


You could see an orc warrior.

Vanquished Creatures
  The ghost of medicine the Twirler, a novice CeGl (D:5)
  A sky beast (D:5)
  A phantom (D:5)
  A hound (D:4)
  An orc priest (D:4)
  A giant frog skeleton (D:5)
  A jelly (D:5)
  3 orc wizards (D:4)
  A worker ant (D:6)
  A howler monkey skeleton (D:4)
  An adder (D:3)
  A worm (D:3)
  A giant gecko (D:4)
  11 orcs
  A giant cockroach (D:4)
  2 hobgoblins (D:3)
  2 quokkas
  2 bats (D:3)
  A giant newt (D:4)
  2 rats (D:3)
36 creatures vanquished.

Notes
Turn   | Place    | Note
-------+----------+-------------------------------------------
     0 | D:1      | Implojin the Troll Fighter began the quest for the Orb.
     0 | D:1      | Reached XP level 1. HP: 22/22 MP: 0/0
    34 | D:1      | You fall through a shaft!
   113 | D:3      | Reached XP level 2. HP: 16/29 MP: 1/1
   170 | D:3      | Reached skill level 3 in Unarmed Combat
   213 | D:3      | Reached XP level 3. HP: 36/36 MP: 2/2
   282 | D:4      | Reached skill level 4 in Unarmed Combat
   333 | D:4      | Reached XP level 4. HP: 44/44 MP: 3/3
   415 | D:4      | Found a staircase to the Ecumenical Temple.
   423 | Temple   | Entered the Ecumenical Temple
   474 | Temple   | Became a worshipper of Makhleb the Destroyer
   539 | D:4      | Reached skill level 5 in Unarmed Combat
   542 | D:4      | Reached XP level 5. HP: 49/50 MP: 4/4
   618 | D:5      | Entered Level 5 of the Dungeon
   619 | D:5      | Noticed a sky beast
   631 | D:5      | Killed a sky beast
   631 | D:5      | Reached skill level 6 in Unarmed Combat
   631 | D:5      | Reached XP level 6. HP: 46/59 MP: 5/5
   658 | D:5      | Noticed medicine's ghost (novice CeGl)
   671 | D:5      | Killed medicine's ghost
   671 | D:5      | Reached skill level 8 in Unarmed Combat
   671 | D:5      | Reached XP level 7. HP: 22/66 MP: 6/6
   819 | D:6      | Reached * piety under Makhleb
   829 | D:6      | Slain by an orc warrior

Vault maps used:
D:1:      lemuel_arrival_muddy
D:2:      lemuel_coloured_pillars_altar, evilmike_ruin_ashenzari, uniq_robin,
          uniq_natasha, uniq_iyjb
D:3:      minmay_door_path, ecumenical_altar_1, grunt_ministairs_1,
          minmay_misc_feat_square
D:4:      johnstein_pakellas_shop, marbit_many_paths, yredelemnul_altar_generic,
          kennysheep_generic_room_9
D:5:      old_standard_altar, kennysheep_slug_shrine, kennysheep_little_box,
          first_bread
D:6:      overflow_temple_1_default, kennysheep_mini
Temple:   cyrus_temple_forest

Skill      XL: |  1  2  3  4  5  6 |
---------------+-------------------+-----
Unarmed Combat | 3 4 5 6 8 |  8.6
Fighting       | |  2.4
Dodging        | |  2.4
Shields        | |  2.4

Action                   |  1- 3 |  4- 6 |  7- 9 || total
-------------------------+-------+-------+-------++-------
Melee: Unarmed           |    52 |    58 |    14 ||   124
  Use: Potion            |       |     1 |       ||     1
 Stab: Sleeping          |       |     1 |       ||     1
  Eat: Chunk             |     8 |     3 |       ||    11
Armor: Robe              |    11 |    11 |     1 ||    23
Dodge: Dodged            |     8 |    17 |     2 ||    27
Block: Shield            |    17 |    15 |     4 ||    36

Table legend:
 A = Turns spent in this place as a percentage of turns spent in the entire game.
 B = Non-inter-level travel turns spent in this place as a percentage of non-inter-level travel turns spent in the entire game.
 C = Inter-level travel turns spent in this place as a percentage of turns spent in this place.
 D = Turns resting spent in this place as a percentage of non-inter-level travel turns spent in this place.
 E = Turns spent auto-exploring this place as a percentage of non-inter-level travel turns spent in this place.
 F = Non-inter-level travel turns spent in this place divided by the number of levels of this place that you've seen.
                   A       B       C       D       E      F
               +-------+-------+-------+-------+-------+----------------------
         Total | 100.0 | 100.0 |   0.0 |   0.0 |   0.0 | 115.6
       Dungeon |  88.1 |  88.1 |   0.0 |   0.0 |   0.0 | 118.8
        Temple |  11.9 |  11.9 |   0.0 |   0.0 |   0.0 |  96.0
               +-------+-------+-------+-------+-------+----------------------

Table legend:
 A = Kills in this place as a percentage of kills in entire the game.
 B = Kills by you in this place as a percentage of kills by you in the entire game.
 C = Kills by friends in this place as a percentage of kills by friends in the entire game.
 D = Other kills in this place as a percentage of other kills in the entire game.
 E = Experience gained in this place as a percentage of experience gained in the entire game.
 F = Experience gained in this place divided by the number of levels of this place that you have seen.
                   A       B       C       D       E      F
               +-------+-------+-------+-------+-------+----------------------
         Total | 100.0 | 100.0 |  -nan |  -nan | 100.0 | 155.4
       Dungeon | 100.0 | 100.0 |  -nan |  -nan | 100.0 | 181.3
               +-------+-------+-------+-------+-------+----------------------
